AoeStats
← andrea90d23

Arabia

510178609Analyzed
1v1 RM · 19h ago on Sep 29, 2026· 42m 19s· 2 players
Game mode
Random Map
Map size
Tiny (2 player)
Population
200
Speed
Normal
Resources
Standard
Victory
Conquest
Starting age
Dark Age
Ending age
Imperial Age
RankedLock teamsTeams togetherTeam positionsShared explorationLock speedFull tech treeHidden civsTurbo modeCheats
Victory
Defeat
🇺🇸 Byzantines · United States
1265
+14
🇦🇷 Cumans · Argentina
1226
-14
andrea90d23
7:23 Loom
9:45 Feudal Age
10:31 Double-Bit Axe
15:31 Horse Collar
20:37 Castle Age
19:45 Bloodlines
20:00 Forging
20:43 Scale Barding Armor
22:25 Town Watch
27:07 Capped Ram
30:00 Wheelbarrow
32:22 Iron Casting
32:45 Hand Cart
32:57 Chain Barding Armor
33:01 Town Patrol
33:29 Stone Mining
33:51 Bow Saw
34:01 Heavy Plow
38:11 Imperial Age
40:00 Blast Furnace
38:43 Light Cavalry
42:08 Plate Barding Armor
Anduril1911
6:42 Loom
9:30 Feudal Age
17:32 Castle Age
15:54 Double-Bit Axe
17:27 Scale Barding Armor
17:22 Scale Mail Armor
17:32 Forging
19:25 Chain Barding Armor
18:54 Horse Collar
26:08 Husbandry
27:41 Wheelbarrow
29:23 Fletching
32:28 Imperial Age
31:02 Gold Mining
32:45 Iron Casting
32:57 Heavy Plow
33:16 Hand Cart
33:30 Squires
33:15 Arson
35:41 Chemistry
35:07 Cavalier
36:29 Crop Rotation
37:02 Plate Barding Armor
37:23 Gold Shaft Mining
37:22 Chain Mail Armor
36:29 Pikeman
37:47 Light Cavalry
37:48 Paladin
39:36 Halberdier
Connection lost

Rejoining the realm…

Still unreachable

The connection could not be restored.

Session expired

The server has moved on; the page needs a fresh start.